AoeStats
← Boost'Hate John

Black Forest

506464242Analyzed
4v4 RM · 20d ago on Sep 13, 2026· 39m 38s· 8 players
Game mode
Random Map
Map size
Large (8 player)
Population
200
Speed
Normal
Resources
Standard
Victory
Conquest
Starting age
Dark Age
Ending age
Imperial Age
RankedLock teamsTeams togetherTeam positionsShared explorationLock speedFull tech treeHidden civsTurbo modeCheats
Victory
Defeat
🇫🇷 Persians · France
1864
+10
🇮🇹 Burgundians · Italy
1741
+15
🇫🇷 Portuguese · France
1696
+17
🇫🇷 Ethiopians · France
1675
+18
🇩🇪 Goths · Germany
1855
-19
🇲🇽 Magyars · Mexico
1792
-18
🇵🇪 Malians · Peru
1733
-15
🇹🇼 Slavs · Taiwan
1529
-8
OS+ | 青田龙
3:08 Double-Bit Axe
11:36 Feudal Age
15:33 Castle Age
14:14 Fishing Lines
16:55 Bow Saw
16:57 Horse Collar
18:13 Heavy Plow
18:11 Gillnets
19:31 Wheelbarrow
19:04 Heavy Plow
21:44 Wheelbarrow
21:03 Loom
25:22 Hand Cart
24:52 Town Watch
29:26 Imperial Age
28:42 Guilds
29:05 Coinage
28:52 Burgundian Vineyards
29:14 Padded Archer Armor
30:36 Crop Rotation
31:07 Two-Man Saw
31:13 Chemistry
29:46 Onager
31:10 Banking
30:42 Caravan
31:20 Leather Archer Armor
32:04 Conscription
31:58 Gold Mining
32:38 Scale Barding Armor
32:45 Forging
34:31 Elite Coustillier
35:45 Chain Barding Armor
37:58 Hoardings
39:46 Plate Barding Armor
39:34 Stone Mining
40:38 Iron Casting
-2n+2q
12:18 Feudal Age
13:05 Double-Bit Axe
16:00 Castle Age
14:03 Fishing Lines
16:54 Bow Saw
20:56 Horse Collar
23:12 Wheelbarrow
23:38 Heavy Plow
25:30 Hand Cart
27:54 Imperial Age
25:49 Scale Mail Armor
26:20 Squires
26:05 Arson
26:39 Chain Mail Armor
26:34 Forging
26:20 Gold Mining
26:39 Gillnets
27:56 Caravan
28:10 Forging
28:02 Stone Mining
29:43 Chemistry
28:42 Halberdier
29:55 Plate Mail Armor
30:01 Iron Casting
29:52 Siege Engineers
31:03 Torsion Engines
31:05 Onager
33:08 Siege Onager
34:11 Conscription
34:22 Elite Shotel Warrior
Boost'Hate John
0:52 Loom
17:09 Feudal Age
21:12 Castle Age
20:12 Double-Bit Axe
21:15 Town Watch
28:03 Horse Collar
29:06 Bow Saw
31:13 Wheelbarrow
34:30 Imperial Age
32:29 Heavy Plow
34:27 Scale Barding Armor
34:46 Bloodlines
34:33 Cavalier
35:35 Chain Barding Armor
36:17 Two-Man Saw
35:48 Crop Rotation
36:00 Savar
37:18 Plate Barding Armor
37:37 Husbandry
38:01 Conscription
37:52 Forging
37:47 Gold Mining
39:01 Iron Casting
39:03 Caravan
40:42 Blast Furnace
kitchiro
1:22 Loom
10:27 Feudal Age
11:07 Double-Bit Axe
11:05 Fishing Lines
18:02 Castle Age
19:06 Bow Saw
25:44 Imperial Age
24:06 Gillnets
24:10 Gold Mining
24:15 Stone Mining
27:27 Chemistry
29:03 Two-Man Saw
30:06 Arquebus
32:47 Siege Engineers
33:10 Ballistics
33:40 Padded Archer Armor
36:05 Leather Archer Armor
39:26 Wheelbarrow
MZTK | GO1_mx
8:06 Loom
11:54 Feudal Age
15:36 Castle Age
13:24 Double-Bit Axe
16:14 Fishing Lines
17:22 Bow Saw
20:51 Horse Collar
21:48 Gillnets
23:27 Heavy Plow
23:27 Gold Mining
24:57 Wheelbarrow
24:14 Stone Mining
24:44 Town Watch
29:14 Imperial Age
27:28 Ballistics
26:59 Fletching
27:11 Padded Archer Armor
28:12 Gold Shaft Mining
28:10 Hand Cart
28:45 Thumb Ring
30:06 Coinage
29:37 Caravan
30:07 Bloodlines
30:24 Parthian Tactics
29:56 Bodkin Arrow
31:02 Chemistry
31:13 Two-Man Saw
30:53 Conscription
30:35 Recurve Bow
31:28 Banking
31:26 Corvinian Army
31:38 Bracer
32:11 Masonry
31:41 Treadmill Crane
32:06 Husbandry
32:39 Heavy Cavalry Archer
33:50 Leather Archer Armor
35:00 Crop Rotation
34:54 Scale Barding Armor
35:20 Ring Archer Armor
35:36 Elite Magyar Huszar
36:36 Capped Ram
38:37 Chain Barding Armor
38:46 Siege Engineers
noru
0:47 Loom
15:17 Feudal Age
20:28 Castle Age
18:53 Double-Bit Axe
19:41 Stone Mining
29:25 Wheelbarrow
31:13 Hand Cart
30:52 Horse Collar
31:04 Gold Mining
31:45 Bow Saw
33:32 Stone Shaft Mining
33:32 Gold Shaft Mining
34:38 Fortified Wall
37:59 Imperial Age
36:33 Scale Barding Armor
36:38 Forging
37:15 Treadmill Crane
38:10 Chain Barding Armor
38:41 Iron Casting
38:13 Light Cavalry
39:03 Bloodlines
38:54 Husbandry
38:30 Heavy Camel Rider
39:22 Heavy Plow
ss839059
5:05 Loom
8:41 Feudal Age
11:48 Double-Bit Axe
17:34 Castle Age
19:48 Wheelbarrow
20:03 Horse Collar
20:34 Bow Saw
25:25 Heavy Plow
27:20 Gold Mining
30:55 Imperial Age
29:07 Scale Mail Armor
29:18 Forging
30:06 Chain Mail Armor
31:11 Hand Cart
31:36 Iron Casting
30:29 Man-at-Arms
31:11 Squires
32:16 Gold Shaft Mining
31:32 Stone Mining
31:14 Long Swordsman
31:51 Onager
32:53 Caravan
33:22 Druzhina
32:44 Two-Handed Swordsman
33:44 Champion
38:45 Scale Barding Armor
39:11 Plate Mail Armor
39:41 Blast Furnace
38:53 Light Cavalry
39:44 Bloodlines
39:35 Husbandry
[o.p.]Oliver_Khan
0:34 Loom
10:59 Feudal Age
11:30 Double-Bit Axe
14:22 Fishing Lines
17:01 Castle Age
18:14 Bow Saw
18:15 Gillnets
19:26 Gold Mining
25:52 Imperial Age
25:48 Horse Collar
27:35 Chemistry
27:13 Caravan
27:46 Padded Archer Armor
28:28 Wheelbarrow
28:56 Two-Man Saw
29:12 Leather Archer Armor
30:43 Ring Archer Armor
30:19 Squires
30:20 Scale Mail Armor
30:30 Forging
34:03 Pikeman
34:50 Horse Collar
37:04 Heavy Plow
37:20 Hand Cart
37:49 Chain Mail Armor
38:10 Iron Casting
37:43 Anarchy
37:51 Elite Huskarl
39:30 Iron Casting
39:18 Conscription
Connection lost

Rejoining the realm…

Still unreachable

The connection could not be restored.

Session expired

The server has moved on; the page needs a fresh start.